 Dungeon Crawl Stone Soup version 0.28.0-45-g0d030f2227 (webtiles) character file.

Game seed: 15359765463752783949

2 pkoi the Charlatan (level 1, -2/15 HPs)
             Began as a Demigod Artificer on Apr 25, 2022.
             Slain by a ball python (3 damage)
             ... on level 1 of the Dungeon.
             The game lasted 00:00:35 (250 turns).

pkoi the Charlatan (Demigod Artificer)               Turns: 250, Time: 00:00:36

Health: -2/15      AC:  3    Str: 13    XL:     1   Next: 20%
Magic:  3/3        EV:  8    Int: 13    God:
Gold:   1          SH:  0    Dex: 14    Spells: 0/0 levels left

rFire   . . .      SeeInvis .   f - +0 dagger
rCold   . . .      Faith    .   (no shield)
rNeg    . . .      Spirit   .   b - +0 leather armour
rPois   .          Reflect  .   (no helmet)
rElec   .          Harm     .   (no cloak)
rCorr   .          Rampage  .   (no gloves)
Will    .....                   (no boots)
Stlth   +.........              (no amulet)
HPRegen 0.05/turn               (no ring)
MPRegen 0.08/turn               (no ring)

@: constricted
A: high MP 1, forlorn, divine attributes
a: no special abilities


You were on level 1 of the Dungeon.
You visited 1 branch of the dungeon, and saw 1 of its levels.

You collected 1 gold pieces.

Inventory:

Hand Weapons
 a - a +0 club
 f - a +0 dagger (weapon)
Armour
 b - a +0 leather armour (worn)
Jewellery
 g - a ring of see invisible
Wands
 c - a wand of flame (15) (quivered)
 d - a wand of charming (12)
Scrolls
 h - a scroll of vulnerability {unknown}
Miscellaneous
 e - a piece from Xom's chessboard (15/15)


   Skills:
 - Level 0.8 Fighting
 - Level 1.7 Armour
 - Level 0.8 Dodging
 - Level 0.8 Stealth
 - Level 0.2 Unarmed Combat
 + Level 0.0 Spellcasting
 + Level 2.7 Evocations


You couldn't memorise any spells.
You didn't know any spells.
Your spell library contained the following spells:

 Spells                   Type           Power      Damage    Failure   Level
 Shock                    Conj/Air       0%         1d3       36%         1
 Swiftness                Air            0%         N/A       75%         3
 Airstrike                Air            0%         N/A       98%         4


Dungeon Overview and Level Annotations

Branches:
Dungeon (1/15)

Shops:
D:1 ?


Innate Abilities, Weirdness & Mutations

You have an increased reservoir of magic. (+10% MP)
You shall have no god before yourself.
Your divine heritage dramatically boosts your attributes as you level up.


Message History

* * * LOW HITPOINT WARNING * * *
The ball python closely misses you.
You closely miss the ball python.
The ball python is severely wounded.
The ball python bites you.
* * * LOW HITPOINT WARNING * * *
The ball python closely misses you. The goblin hits you with a +0 dagger.
* * * LOW HITPOINT WARNING * * *
The ball python bites you.
* * * LOW HITPOINT WARNING * * *
The ball python closely misses you. The goblin barely misses you.
The goblin hits you but does no damage.
A quokka comes into view.
Okay, then.
Unknown command.
The ball python barely misses you. The ball python misses you.
The ball python bites you but does no damage.
The ball python barely misses you.
You see here a +0 club.
The ball python barely misses you. The ball python grabs you.
The ball python constricts you.
* * * LOW HITPOINT WARNING * * *
You escape the ball python's grasp.
Aiming: Charm
Press: ? - help, Shift-Dir - straight line, f - ball python
Aim: a ball python (heavily wounded, chance to affect: 72%)
The ball python struggles to resist.
The ball python barely misses you. The ball python closely misses you.
Unknown command.
Aiming: Charm
Press: ? - help, Shift-Dir - straight line, f/p - ball python
Aim: a ball python (heavily wounded, chance to affect: 72%)
The ball python struggles to resist.
The ball python barely misses you. The ball python grabs you.
The ball python constricts you.
Unknown command.
Aiming: Charm
Press: ? - help, Shift-Dir - straight line, f/p - ball python
Aim: a ball python (heavily wounded, constricting you, chance to affect: 72%)
The ball python struggles to resist.
The ball python bites you.
You die...

####.......####.#.#.#.###
..##...∩...# #.#.#.#...
..##.......# #.#.#.#..####.
..##.......# #.#.#.#.......
..##.......# #.#.#.#.......
..########## #.#........... ..#
###.###............. ###
#...####...........# ##### ###
#...@Sgg...........# .##.###.#
#.######...........# .#..#...#
####...........# .#.##.###
#..............# ##.#....#
#...)..........# .....#..#
#.g............# ######..#
####..............#
#...#.###...#..[..............#
#....<....# ##.#...############


You could see 2 goblins and a ball python.

Vanquished Creatures
  A goblin (D:1)
  A kobold (D:1)
2 creatures vanquished.

Notes
Turn   | Place    | Note
-------+----------+-------------------------------------------
     0 | D:1      | pkoi the Demigod Artificer began the quest for the Orb.
     0 | D:1      | Reached XP level 1. HP: 15/15 MP: 3/3
    44 | D:1      | Found Seimuejo's Magic Scroll Emporium.
   250 | D:1      | Slain by a ball python

Illustrated notes

Levels and vault maps discovered:
D:1:      psy_arrival_radial01, layout_basic, serial_shops, shop,
          minmay_close_crescents

Action                   || total
-------------------------++-------
Melee: Dagger            ||     5
       Club              ||     3
Evoke: Wand              ||     3
Armor: Leather armour    ||     2
Dodge: Dodged            ||    17
